 Dungeon Crawl Stone Soup version 0.26-a0-683-g5206c1d7ac (webtiles) character file.

Game seed: 13149644959606087338

44 zazu2006 the Magician (level 3, -7/30 HPs)
             Began as a Naga Hedge Wizard on Oct 22, 2020.
             Mangled by an orc
             ... wielding a +0 short sword
              (8 damage)
             ... on level 2 of the Dungeon.
             The game lasted 00:02:52 (2120 turns).

zazu2006 the Magician (Naga Hedge Wizard)           Turns: 2120, Time: 00:02:52

Health: -7/30      AC:  2    Str: 12    XL:     3   Next: 60%
Magic:  3/8        EV: 10    Int: 15    God:
Gold:   52         SH:  0    Dex: 10    Spells: 0/9 levels left

rFire    . . .     SeeInvis +   a - +0 dagger
rCold    . . .     Faith    .   (no shield)
rNeg     . . .     Spirit   .   b - +0 robe
rPois    +         Reflect  .   c - +0 hat
rElec    .         Harm     .   (no cloak)
rCorr    .         Rampage  .   (no gloves)
MR       .....                  (no barding)
Stlth    ++........             (no amulet)
HPRegen  0.10/turn              (no ring)
MPRegen  0.11/turn              (no ring)

@: very slightly contaminated, very slow
A: large, see invisible, deformed body, poison resistance, slowness 2, spit
poison 1, AC +1
a: Spit Poison


You were on level 2 of the Dungeon.
You visited 1 branch of the dungeon, and saw 3 of its levels.

You collected 52 gold pieces.

Inventory:

Hand Weapons
 a - a +0 dagger (weapon)
Armour
 b - a +0 robe (worn)
 c - a +0 hat (worn)
Scrolls
 d - 4 scrolls of teleportation {unknown}
 f - a scroll of noise {unknown}
 i - 6 scrolls of identify {unknown}
 j - 3 scrolls of random uselessness {unknown}
 n - a scroll of amnesia {unknown}
 o - a scroll of fear {unknown}
Potions
 e - a potion of heal wounds {unknown}
 g - a potion of brilliance {unknown}
 h - a potion of curing {unknown}
 k - a potion of cancellation {unknown}
 l - a potion of degeneration {unknown}
 m - 2 potions of flight {unknown}


   Skills:
 + Level 0.4 Fighting
 + Level 2.0 Dodging
 + Level 3.2 Stealth
 + Level 3.7 Spellcasting
 + Level 1.4 Conjurations
   Level 1.0 Summonings
 + Level 1.0 Translocations
 * Level 0.2 Poison Magic


You couldn't memorise any spells.
You knew the following spells:

 Your Spells              Type           Power        Failure   Level
a - Magic Dart            Conj           #...         11%         1
b - Mephitic Cloud        Conj/Pois/Air  #.......     41%         3
c - Conjure Flame         Conj/Fire      #.......     38%         3
d - Blink                 Tloc           N/A          19%         2

Your spell library contained the following spells:

 Spells                   Type           Power        Failure   Level
 Call Imp                 Summ           #.......     19%         2
 Slow                     Hex            #.......     28%         2


Dungeon Overview and Level Annotations

Branches:
Dungeon (3/15)

Altars:
Sif Muna


Innate Abilities, Weirdness & Mutations

You cannot wear boots.
Your serpentine skin is tough. (AC +1)
You have supernaturally acute eyesight. (SInv)
Armour fits poorly on your strangely shaped body.
Your system is resistant to poisons. (rPois)
You cover ground very slowly.
You can spit poison.


Message History

The orc wizard hits you but does no damage.
The orc hits you with a +0 short sword.
You climb upwards.
There is a stone staircase leading down, spattered with blood here.
Unknown command.
You aren't carrying any items that you can evoke.
Unknown command.
Casting: Magic Dart (safe; 11% risk of failure)
Confirm with . or Enter, or press ? or * to list all spells.
Aiming: Magic Dart (safe; 11% risk of failure)
Press: ? - help, Shift-Dir - straight line, f - orc wizard
Aim: an orc wizard, wielding a +0 dagger and wearing a +0 robe (moderately wounded, fast, poisoned)
The magic dart hits the orc wizard.
The orc wizard is heavily wounded.
You have got your breath back.
The orc wizard points at you and mumbles some strange words.
The puff of frost hits you!
* * * LOW HITPOINT WARNING * * *
The orc hits you with a +0 short sword!
You die...

######................
#.....................
#.....................
#.....................
#.....................
#.....................
#..............###....
####o.o.......## ##...
#.@....##### #...
#..)...# ###. ######.#
#. #.###### ###.
#......####...
######.....<##
########


You could see an orc wizard (fast, poisoned) and an orc.

Vanquished Creatures
  An adder (D:2)
  A dart slug (D:1)
  3 orcs
  3 bats
  7 hobgoblins
  2 kobolds (D:2)
  2 quokkas (D:2)
  3 frilled lizards
  3 goblins
  3 rats (D:1)
28 creatures vanquished.

Notes
Turn   | Place    | Note
-------+----------+-------------------------------------------
     0 | D:1      | zazu2006 the Naga Hedge Wizard began the quest for the Orb.
     0 | D:1      | Reached XP level 1. HP: 15/15 MP: 4/4
   225 | D:1      | You fall into a shaft and drop 1 floor!
   244 | D:2      | Reached XP level 2. HP: 11/22 MP: 0/6
  1652 | D:2      | Reached XP level 3. HP: 30/30 MP: 2/8
  1657 | D:2      | Learned a level 3 spell: Mephitic Cloud
  1661 | D:2      | Learned a level 3 spell: Conjure Flame
  1664 | D:2      | Learned a level 2 spell: Blink
  1717 | D:2      | Found a shimmering blue altar of Sif Muna.
  2120 | D:2      | HP: 1/30 [orc wizard/puff of frost (11)]
  2120 | D:2      | Mangled by an orc

Illustrated notes

Levels and vault maps discovered:
D:1:      dpeg_arrival_three_bigger_balls, layout_basic
D:2:      layout_rooms, lemuel_doored_altar, minmay_misc_feat_columns
D:3:      layout_basic, lemuel_round_altar, gammafunk_ghost_split

Skill      XL: |  1  2  3 |
---------------+----------+-----
Dodging        | 2 |  2.0
Fighting       | |  0.4
Stealth        | |  3.2
Spellcasting   | |  3.7
Conjurations   | |  1.4
Summonings     | |  1.0
Translocations | |  1.0
Poison Magic   | |  0.2

Action                   || total
-------------------------++-------
Melee: Dagger            ||     7
 Cast: Magic Dart        ||    56
 Abil: Spit Poison       ||    17
Armor: Robe              ||     7
Dodge: Dodged            ||    25

Table legend: (Time is in decaauts)
 A = Elapsed time spent in this place.
 B = Non-inter-level travel time spent in this place.
 C = Inter-level travel time spent in this place.
 D = Time resting spent in this place.
 E = Time spent auto-exploring this place.
 F = Levels seen in this place.
 G = Mean time per level.
                   A        B        C        D        E       F      G
               +--------+--------+--------+--------+--------+-----+--------+
         Total |   2537 |   2425 |    112 |    198 |   2032 |   3 |  845.7 |
       Dungeon |   2537 |   2425 |    112 |    198 |   2032 |   3 |  845.7 |
               +--------+--------+--------+--------+--------+-----+--------+

Top non-repeatable levels by time:
     D:1: 1470 daAuts
     D:2: 974 daAuts
     D:3: 92 daAuts
